 Dungeon Crawl Stone Soup version 0.28.0-49-g6dfe1f597d (webtiles) character file.

Game seed: 16884970199803293222

4 Exodus22XD the Covered (level 1, 20/20 HPs)
             Began as a Minotaur Fighter on May 14, 2022.
             Was a Plaything of Xom.
             Quit the game on level 1 of the Dungeon.
             The game lasted 00:00:08 (166 turns).

Exodus22XD the Covered (Minotaur Fighter)            Turns: 166, Time: 00:00:09

Health: 20/20      AC:  7    Str: 20    XL:     1   Next: 58%
Magic:  0/0        EV:  9    Int:  5    God:    Xom [..*...]
Gold:   0          SH:  4    Dex:  9    Spells: 0/0 levels left

rFire   . . .      SeeInvis .   a - +0 war axe
rCold   . . .      Faith    .   c - +0 buckler
rNeg    . . .      Spirit   .   b - +0 scale mail
rPois   .          Reflect  .   (helmet restricted)
rElec   .          Harm     .   (no cloak)
rCorr   .          Rampage  .   (no gloves)
Will    .....                   (no boots)
Stlth   ..........              (no amulet)
HPRegen 0.06/turn               (no ring)
MPRegen 0.07/turn               (no ring)

@: no status effects
A: horns 2, retaliatory headbutt
a: Renounce Religion


You were on level 1 of the Dungeon.
You worshipped Xom.
You were a toy of Xom.
You visited 1 branch of the dungeon, and saw 1 of its levels.

Inventory:

Hand Weapons
 a - a +0 war axe (weapon)
Armour
 b - a +0 scale mail (worn)
 c - a +0 buckler (worn)
Scrolls
 e - a scroll of fog {unknown}
 f - a scroll of identify {unknown}
Potions
 d - a potion of might


   Skills:
 + Level 3.7 Fighting
 + Level 2.4 Axes
 + Level 3.8 Armour
 + Level 3.7 Shields


You couldn't memorise any spells.
You didn't know any spells.
Your spell library was empty.

Dungeon Overview and Level Annotations

Branches:
Dungeon (1/15)

Altars:
Xom


Innate Abilities, Weirdness & Mutations

You have a pair of horns on your head.
You reflexively headbutt those who attack you in melee.


Message History

A quokka is nearby!
You closely miss the quokka. Your headbutt misses the quokka.
You block the quokka's attack.
A quokka is nearby!
You closely miss the quokka.
The quokka bites you but does no damage.
The quokka bites you.
A quokka is nearby!
You slash the quokka!
You kill the quokka!
HP restored.
Key pressed, stopping explore.
No target in view!
A ball python comes into view.
Found a faded altar of an unknown god.
A ball python is nearby!
A ball python is nearby!
A ball python is nearby!
You slash the ball python!
You kill the ball python!
A ball python comes into view.
The ball python hisses angrily.
You hear a shout!
A hobgoblin comes into view.
You see here a ball python corpse.
There are monsters nearby!
There are monsters nearby!
You hit the ball python.
You kill the ball python!
A quokka comes into view.
The hobgoblin hits you but does no damage.
You barely miss the hobgoblin. You headbutt the hobgoblin.
You kill the hobgoblin!
You see here a hobgoblin corpse.
There is a faded altar of an unknown god here.
You cannot tell which god this altar belongs to.
Convert to them anyway?
Xom accepts your prayer! Xom welcomes you!
Xom is very intrigued!
The quokka closely misses you.
Are you sure you want to abandon this character and quit the game? (Confirm with "yes".)

..# .. # .. ..
#. ##. .## #
..#..# #..#.#
....###.....
#...#...# #♣
#.....# ###
###.♣ ##r@.##
#.. +...♣
#.....###.#
##..♣
#...#...#..#
♣..♣##
#....###.....#
##♣..##. ##..#
##†.#.###....#..
##.
#..####......##<
##
#...#.#..#♣...##
##....#.##♣♣....
#....#.# ♣♣≈≈≈


You could see a quokka.

Vanquished Creatures
  2 ball pythons (D:1)
  A hobgoblin (D:1)
  A quokka (D:1)
4 creatures vanquished.

Notes
Turn   | Place    | Note
-------+----------+-------------------------------------------
     0 | D:1      | Exodus22XD the Minotaur Fighter began the quest for the
                  | Orb.
     0 | D:1      | Reached XP level 1. HP: 19/19 MP: 0/0
   153 | D:1      | Found a faded altar of an unknown god.
   165 | D:1      | Prayed at the altar of an unknown god.
   165 | D:1      | Became a worshipper of Xom of Unknown Intention
   166 | D:1      | Quit the game

Illustrated notes

Levels and vault maps discovered:
D:1:      sevenhm_arrival_forest_fort_small_5, layout_basic,
          nicolae_ecumenical_snake_handling

Action                   || total
-------------------------++-------
Melee: War axe           ||     6
       Headbutt          ||     1
Armor: Scale mail        ||     2
Dodge: Dodged            ||     1
Block: Buckler           ||     1
